 Dungeon Crawl Stone Soup version 0.29.1-2-gbd0b4ee654 (webtiles) character file.

Game seed: 17520350915561596368

119 warriortoast the Digger (level 5, 0/28 HPs)
             Began as a Gargoyle Earth Elementalist on Nov 1, 2022.
             Killed from afar by Natasha (6 damage)
             ... with a magic dart
             ... on level 2 of the Dungeon.
             The game lasted 00:08:15 (2242 turns).

warriortoast the Digger (GrEE)                      Turns: 2242, Time: 00:08:15

Health: 0/28       AC:  6    Str: 13    XL:     5   Next: 3%
Magic:  7/9        EV: 11    Int: 16    God:
Gold:   65         SH:  0    Dex: 10    Spells: 8/9 levels left

rFire   . . .      SeeInvis .   e - +2 spear (vorpal)
rCold   . . .      Faith    .   (no shield)
rNeg    + . .      Spirit   .   a - +0 robe
rPois   ∞          Reflect  .   (no helmet)
rElec   +          Harm     .   (no cloak)
rCorr   .          Rampage  .   (no gloves)
Will    .....                   (no boots)
Stlth   ++........              (no amulet)
HPRegen 0.09/turn               (no ring)
MPRegen 0.11/turn               (no ring)

@: no status effects
A: sickness immunity, AC +4, negative energy resistance 1, electricity
resistance, torment resistance 1, petrification resistance
a: no special abilities


You were on level 2 of the Dungeon.
You visited 1 branch of the dungeon, and saw 2 of its levels.

You collected 65 gold pieces.

Inventory:

Hand Weapons
 c - a +0 dagger of holy wrath
 d - a +0 mace
 e - a +2 vorpal spear (weapon)
Armour
 a - a +0 robe (worn)
Scrolls
 g - 2 scrolls of identify {unknown}
 i - a scroll of teleportation {unknown}
 j - a scroll of poison {unknown}
 l - a scroll of butterflies {unknown}
 m - a scroll of enchant armour {unknown}
 n - a scroll of torment {unknown}
Potions
 b - a potion of magic
 f - a potion of might {unknown}
 h - 3 potions of curing {unknown}
 k - a potion of degeneration {unknown}


   Skills:
 - Level 1.5 Dodging
 - Level 2.1 Stealth
 + Level 2.8 Spellcasting
 + Level 2.1 Conjurations
 + Level 2.0 Transmutations
 + Level 4.6 Earth Magic


You had 8 spell levels left.
You knew the following spells:

 Your Spells              Type           Power      Damage    Failure   Level
a - Sandblast             Erth           34%        2d9       2%          1

Your spell library contained the following spells:

 Spells                   Type           Power      Damage    Failure   Level
 Passwall                 Tmut/Erth      10%        N/A       8%          2
 Stone Arrow              Conj/Erth      26%        3d8       14%         3
 Blink                    Tloc           4%         N/A       28%         2
 Petrify                  Tmut/Erth      12%        N/A       43%         4
 Lesser Beckoning         Tloc           2%         N/A       50%         3
 Manifold Assault         Tloc           2%         N/A       99%         5


Dungeon Overview and Level Annotations

Branches:
Dungeon (2/15)

Altars:

Annotations:
D:2 Natasha


Innate Abilities, Weirdness & Mutations

You are immune to sickness and miasma.
Your stone body is resilient. (AC +4)
You are immune to poison.
You resist negative energy. (rN+)
You are resistant to electric shocks. (rElec)
You are resistant to unholy torment.
You are immune to petrification.


Message History

Natasha casts a spell at you.
You feel yourself slow down.
The blast of sand hits Natasha!
You kill Natasha!
Natasha screams in pain as she dies!
You feel yourself speed up.
m - a scroll labelled UKALAI COLLU
n - a scroll labelled ONITTI PY LOKH You see here the felid corpse of Natasha.
Natasha, Servant of Life and Death comes into view.
She is carrying a wand of quicksilver (7).
Natasha wildly gestures.
Natasha shimmers violently.
The blast of sand hits Natasha.
Natasha is moderately wounded.
Natasha casts a spell at you. The magic dart hits you.
The blast of sand hits Natasha!
Natasha is almost dead.
Natasha casts a spell at you.
You feel yourself slow down.
The blast of sand hits Natasha.
You kill Natasha!
Natasha screams in pain as she dies!
Your Conjurations skill increases to level 2!
Your Transmutations skill increases to level 2!
You have reached level 5!
You start resting.
Natasha, Servant of Life and Death comes into view.
She is carrying a wand of quicksilver (7).
Natasha is nearby!
Natasha is nearby!
Natasha zaps a wand.
The bolt of dispelling energy hits you!
Your magical effects are unravelling.
You feel yourself speed up.
Natasha zaps a wand.
The bolt of dispelling energy hits you!
* * * LOW HITPOINT WARNING * * *
You are too injured to fight recklessly!
You are too injured to fight recklessly!
Natasha stares at you and mumbles some strange words.
The magic dart hits you.
You die...

#.....#....# #..†......#.
#.########.# #.†<......#. #.#
#.# #........##. #J# #.
#........... #.# .##
############ #######.#### ..#
#......... #.....#.#..# #.####
#.########
#.......#..######....###.....#
#.
#..##.#....h....@..†.........#
#.
#..##.####†###########.##....#
#. #..##).....# #..#....# #.
#.......#### ##.#....# #.
........# #......# #.
..#.....### ###.#### #.
..........# #.# #. ..#.......#
##'####### ..........#
#.......#


You could see Natasha.

Vanquished Creatures
  Natasha (twice) (D:2)
  An adder (D:2)
  A worm (D:2)
  A dart slug (D:1)
  6 ball pythons
  3 bats
  6 endoplasms
  4 giant cockroaches
  4 goblins
  5 hobgoblins
  6 jackals
  2 frilled lizards
  5 kobolds (D:1)
  5 rats
51 creatures vanquished.

Notes
Turn   | Place    | Note
-------+----------+-------------------------------------------
     0 | D:1      | warriortoast the Gargoyle Earth Elementalist began the
                  | quest for the Orb.
     0 | D:1      | Reached XP level 1. HP: 10/10 MP: 3/3
   228 | D:1      | Reached skill level 1 in Transmutations
   296 | D:1      | Found a faded altar of an unknown god.
   317 | D:1      | Reached XP level 2. HP: 15/15 MP: 5/5
   729 | D:1      | Reached skill level 1 in Conjurations
   826 | D:1      | Reached skill level 4 in Earth Magic
   828 | D:1      | Reached XP level 3. HP: 19/19 MP: 1/6
  1777 | D:2      | Reached XP level 4. HP: 24/24 MP: 5/7
  2064 | D:2      | Noticed Natasha
  2177 | D:2      | Killed Natasha
  2225 | D:2      | Noticed Natasha
  2229 | D:2      | Killed Natasha
  2230 | D:2      | Reached XP level 5. HP: 23/28 MP: 5/9
  2239 | D:2      | Noticed Natasha
  2242 | D:2      | Killed from afar by Natasha

Illustrated notes

Levels and vault maps discovered:
D:1:      dpeg_arrival_rooms_with_view, layout_loops_cross,
          hellmonk_ecumenical_altar_pennies_from_heaven,
          grunt_decor_mini_mirrors, nrook_mini_vaults
D:2:      layout_basic, uniq_natasha

Skill      XL: |  1  2  3  4 |
---------------+-------------+-----
Transmutations | 1 2 |  2.0
Conjurations   | 1 2 |  2.1
Earth Magic    | 4 |  4.6
Dodging        | |  1.5
Stealth        | |  2.1
Spellcasting   | |  2.8

Action                   |  1- 3 |  4- 6 || total
-------------------------+-------+-------++-------
Melee: Mace              |     1 |       ||     1
       Spear             |     4 |     1 ||     5
 Cast: Sandblast         |    54 |    22 ||    76
 Stab: Sleeping          |     1 |       ||     1
Armor: Robe              |     2 |     4 ||     6
Dodge: Dodged            |    10 |     7 ||    17
